 Dungeon Crawl Stone Soup version 0.23.0-2-g0fe3ce5 (webtiles) character file.

Game seed: 17057571266986747750

13623 George the Cleaver (level 11, -4/89 HPs)
             Began as a Demonspawn Fighter on Feb 19, 2019.
             Was the Champion of Makhleb.
             Slain by Snorg (5 damage)
             ... on level 11 of the Dungeon.
             The game lasted 00:16:02 (8401 turns).

George the Cleaver (Demonspawn Fighter)             Turns: 8401, Time: 00:16:02

Health: -4/89      AC: 22    Str: 20    XL:     11   Next: 78%
Magic:  19/19      EV: 13    Int:  9    God:    Makhleb [******]
Gold:   583        SH:  0    Dex: 13    Spells: 10/10 levels left

rFire    . . .     SeeInvis .   D - +0 battleaxe
rCold    . . .     Gourm    .   (shield currently unavailable)
rNeg     . . .     Faith    .   J - +0 plate armour
rPois    .         Spirit   .   w - +2 helmet
rElec    .         Reflect  .   y - +0 cloak
rCorr    .         Harm     .   (no gloves)
MR       .....                  l - +0 pair of boots
Stlth    ..........             r - amulet of regeneration
HPRegen  0.64/turn              A - +4 ring of evasion
MPRegen  0.16/turn              q - +3 ring of evasion

@: no status effects
A: claws 2, thin metallic scales 2, foul stench 1, spiny 1, rot immunity
a: Minor Destruction, Lesser Servant of Makhleb, Major Destruction, Greater
Servant of Makhleb, Renounce Religion


You were on level 11 of the Dungeon.
You worshipped Makhleb.
Makhleb was exalted by your worship.
You were not hungry.

You visited 1 branch of the dungeon, and saw 11 of its levels.
You also visited: Sewer.

You collected 583 gold pieces.

Inventory:

Hand Weapons
 a - a +0 war axe
 D - a +0 battleaxe (weapon)
Armour
 c - a +0 shield
 l - a +0 pair of boots (worn)
 w - a +2 helmet (worn)
 y - a +0 cloak (worn)
 G - a scarf of cloud immunity
 J - a +0 plate armour (worn)
Jewellery
 n - an uncursed ring of protection from cold
 q - a +3 ring of evasion (right claw)
 r - an amulet of regeneration (around neck)
 v - an uncursed amulet of the gourmand
 A - a +4 ring of evasion (left claw)
 E - a +4 ring of protection
Wands
 m - a wand of flame (36)
 p - a wand of clouds (3)
 t - a wand of iceblast (12)
 H - a wand of random effects (12)
 O - a wand of acid (3)
Scrolls
 b - a scroll of noise {unknown}
 e - 9 scrolls of remove curse
 g - a scroll of amnesia {unknown}
 i - 6 scrolls of teleportation
 o - a scroll of enchant weapon {unknown}
 C - 6 scrolls of identify
 F - 2 scrolls of magic mapping {unknown}
 I - 3 scrolls of blinking {unknown}
 K - 2 scrolls of enchant armour {unknown}
 L - a scroll of silence {unknown}
 M - 2 scrolls of vulnerability {unknown}
 N - a scroll of fog {unknown}
Potions
 d - 5 potions of might
 h - 2 potions of agility
 j - 2 potions of ambrosia
 k - a potion of invisibility
 s - 11 potions of curing
 u - 2 potions of haste
 x - 5 potions of flight
 z - 5 potions of heal wounds
 B - 2 potions of brilliance
Comestibles
 f - 13 rations


   Skills:
 + Level 9.0 Fighting
 * Level 11.5 Axes
 + Level 8.2 Armour
 - Level 2.6 Shields
 + Level 10.8 Invocations


You had 10 spell levels left.
You didn't know any spells.
Your spell library contained the following spells:

 Spells                   Type           Power        Failure   Level  Hunger
 Confusing Touch          Hex            #.....       100%        1    ##.....
 Magic Dart               Conj           #...         100%        1    ##.....
 Blink                    Tloc           N/A          100%        2    ###....
 Call Imp                 Summ           #.......     100%        2    ###....
 Slow                     Hex            #.......     100%        2    ###....
 Confuse                  Hex            #.......     100%        3    ####...
 Conjure Flame            Conj/Fire      #.......     100%        3    ####...
 Gell's Gravitas          Tloc           #.........   100%        3    ####...
 Mephitic Cloud           Conj/Pois/Air  #.......     100%        3    ####...
 Cause Fear               Hex            #.........   100%        4    #####..
 Petrify                  Tmut/Erth      #.......     100%        4    #####..
 Metabolic Englaciation   Hex/Ice        #.........   100%        5    ######.
 Silence                  Hex/Air        #.........   100%        5    ######.
 Yara's Violent Unravell  Hex/Tmut       #.........   100%        5    ######.
 Deflect Missiles         Chrm/Air       #.........   100%        6    #######
 Discord                  Hex            #.........   100%        8    #######


Dungeon Overview and Level Annotations

Branches:
Dungeon (11/15)            Temple (0/1) D:4            Lair (0/6) D:10
    Orc (0/2) D:9

Altars:
Ashenzari
Dithmenos
Fedhas
Gozag
Hepliaklqana
Kikubaaqudgha
Makhleb
Qazlal
Ru
Trog
Uskayaw
Vehumet
Xom
Yredelemnul
The Shining One

Shops:
D:4 *   D:5 [   D:7 ?   D:11 :

Annotations:
D:11 Snorg


Innate Abilities, Weirdness & Mutations

You have very sharp fingernails.
You are mostly covered in thin metallic scales. (AC +3)
You may emit foul miasma when damaged in melee.
You are partially covered in sharp spines.
You are immune to rotting.


Message History

Press: ? - help, Shift-Dir - straight line, f/p - Snorg
Aim: Snorg (heavily wounded, berserk, fast, unusually strong, sick)
The bolt of acid hits Snorg!
Snorg is splashed with acid.
The acid corrodes Snorg!
Snorg is heavily wounded.
Snorg completely misses you. Snorg barely misses you.
Snorg completely misses you. Snorg closely misses you. x2
Snorg barely misses you.
You slash Snorg!
Snorg is severely wounded.
Snorg is struck by your spines. Snorg bites you but does no damage.
Snorg closely misses you. Snorg claws you!
You slice Snorg!!
Snorg is almost dead.
Snorg bites you!!
* * * LOW HITPOINT WARNING * * *
Snorg claws you!
* * * LOW HITPOINT WARNING * * *
Snorg closely misses you. Snorg bites you.
You die...

### #.. #.## #
...####.#
###.......# #
#.......#
#.##.#.....#.#
#.....@T.....#
####.#######..
#.# #.#
######## ##.##
#......# #...#
#......# #.#.#
#......# #...#
#......# ##.##
#......# #.#


You could see Snorg (berserk).

Vanquished Creatures
  A flayed ghost (D:9)
  Pikel (D:4)
  An ugly thing (D:9)
  2 centaur skeletons
  Psyche (D:10)
  A troll (D:9)
  A queen bee (D:9)
  Prince Ribbit (D:5)
  Grinder (D:4)
  2 shadows (D:9)
  3 wraiths (D:9)
  17 yaks
  3 fire bats (D:9)
  A basilisk (D:10)
  Eustachio (D:4)
  A warg (D:9)
  An ice beast (D:8)
  4 porcupines (D:10)
  3 black bears
  3 orc warriors
  A slave (D:4)
  2 sky beasts
  6 phantoms
  6 centaurs
  2 ogres
  3 wolves (D:10)
  3 crocodiles
  5 big kobolds
  2 bullfrogs
  4 scorpions
  15 killer bees (D:9)
  4 wights (D:9)
  2 howler monkeys
  2 vampire bats (D:6)
  2 crimson imps
  5 centaur zombies
  A bullfrog zombie (D:8)
  5 hounds
  6 orc priests
  3 bullfrog skeletons
  4 iguanas
  3 orc wizards (D:9)
  6 worker ants
  3 killer bee zombies
  A hound skeleton (D:6)
  A worker ant zombie (D:8)
  Robin (D:3)
  4 gnolls
  19 adders
  9 river rats
  3 shadow imps
  2 oozes (Sewer)
  An adder skeleton (D:6)
  3 worms
  3 dart slugs
  4 leopard geckos
  32 orcs
  5 bat skeletons (D:6)
  A bat zombie (D:6)
  2 giant cockroaches
  16 goblins
  9 hobgoblins
  19 jackals
  33 kobolds
  A quokka (D:6)
  3 ball pythons (Sewer)
  14 bats
  8 frilled lizards
  2 jackal skeletons
  A leopard gecko skeleton (D:8)
  2 leopard gecko zombies
  A quokka zombie (D:5)
  27 rats
  A fungus (D:10)
372 creatures vanquished.

Vanquished Creatures (others)
  A plant (D:10)
1 creature vanquished.

Grand Total: 373 creatures vanquished

Notes
Turn   | Place    | Note
-------+----------+-------------------------------------------
     0 | D:1      | George the Demonspawn Fighter began the quest for the Orb.
     0 | D:1      | Reached XP level 1. HP: 18/18 MP: 1/1
    21 | D:1      | Reached skill level 2 in Axes
    39 | D:1      | Gained mutation: You are partially covered in sharp spines.
                  | [demonic ancestry]
    39 | D:1      | Reached XP level 2. HP: 24/24 MP: 2/2
   185 | D:1      | Reached skill level 3 in Axes
   499 | D:1      | Gained mutation: You have sharp fingernails. [demonic
                  | ancestry]
   499 | D:1      | Reached XP level 3. HP: 27/29 MP: 3/3
   748 | D:2      | Reached skill level 4 in Axes
   748 | D:2      | Gained mutation: You are partially covered in thin metallic
                  | scales. (AC +2) [demonic ancestry]
   748 | D:2      | Reached XP level 4. HP: 31/35 MP: 4/4
   964 | D:2      | Found a burning altar of Makhleb.
  1050 | D:2      | Became a worshipper of Makhleb the Destroyer
  1147 | D:3      | Reached skill level 1 in Invocations
  1167 | D:3      | Noticed Robin
  1173 | D:3      | Gained mutation: You are immune to rotting. [demonic
                  | ancestry]
  1173 | D:3      | Reached XP level 5. HP: 14/41 MP: 5/5
  1570 | D:3      | Killed Robin
  1619 | D:3      | Found a shimmering altar of Xom.
  1800 | D:3      | Reached * piety under Makhleb
  1930 | D:4      | Found an opulent altar of Gozag.
  1930 | D:4      | Noticed Grinder
  1952 | D:4      | Killed Grinder
  1952 | D:4      | Reached skill level 5 in Axes
  1952 | D:4      | Gained mutation: You have very sharp fingernails. [demonic
                  | ancestry]
  1952 | D:4      | Reached XP level 6. HP: 15/48 MP: 6/8
  1995 | D:4      | Reached XP level 7. HP: 41/54 MP: 9/9
  2045 | D:4      | Found Yci Ypp's Assorted Antiques.
  2071 | D:4      | Noticed Eustachio
  2096 | D:4      | Killed Eustachio
  2115 | D:4      | Found a shattered altar of Ashenzari.
  2160 | D:4      | Found a staircase to the Ecumenical Temple.
  2411 | D:4      | Found a shattered altar of Ashenzari.
  2433 | D:4      | Noticed Pikel
  2454 | D:4      | Killed Pikel
  2454 | D:4      | Reached skill level 6 in Axes
  2454 | D:4      | Reached skill level 5 in Invocations
  2454 | D:4      | Gained mutation: You are mostly covered in thin metallic
                  | scales. (AC +3) [demonic ancestry]
  2454 | D:4      | Reached XP level 8. HP: 47/61 MP: 11/11
  2535 | D:4      | Found a basalt altar of Yredelemnul.
  2747 | D:5      | Entered Level 5 of the Dungeon
  2762 | D:5      | Noticed Prince Ribbit
  2774 | D:5      | Killed Prince Ribbit
  2774 | D:5      | Reached skill level 5 in Fighting
  2933 | D:5      | Reached skill level 7 in Axes
  2976 | D:5      | Found a glowing drain.
  2983 | Sewer    | Entered a sewer
  2996 | Sewer    | Reached ** piety under Makhleb
  3275 | Sewer    | Reached skill level 5 in Armour
  3537 | D:5      | Reached *** piety under Makhleb
  3670 | D:5      | Found Ikuryaplamn's Antique Armour Boutique.
  3784 | D:5      | Found a blossoming altar of Fedhas.
  4059 | D:5      | Reached XP level 9. HP: 61/69 MP: 13/13
  4351 | D:6      | Found a hide-covered altar of Uskayaw.
  4715 | D:6      | Found an ancient bone altar of Kikubaaqudgha.
  4919 | D:7      | Reached skill level 8 in Axes
  4941 | D:7      | Found Boboesatza's Magic Scroll Shoppe.
  5139 | D:7      | Reached **** piety under Makhleb
  6248 | D:8      | Reached skill level 9 in Axes
  6491 | D:8      | Found a shadowy altar of Dithmenos.
  6493 | D:8      | Found a stormy altar of Qazlal.
  6500 | D:8      | Found a glowing golden altar of the Shining One.
  6500 | D:8      | Found a radiant altar of Vehumet.
  6501 | D:8      | Found a hazy altar of Hepliaklqana.
  6649 | D:9      | Gained mutation: You may emit foul miasma when damaged in
                  | melee. [demonic ancestry]
  6649 | D:9      | Reached XP level 10. HP: 31/77 MP: 14/16
  6750 | D:9      | Noticed a white ugly thing
  6766 | D:9      | Killed a white ugly thing
  6787 | D:9      | Found a staircase to the Orcish Mines.
  6829 | D:9      | Reached ***** piety under Makhleb
  6834 | D:9      | Reached skill level 10 in Axes
  6954 | D:9      | Found a glowing golden altar of the Shining One.
  6967 | D:9      | Found a runed translucent door.
  6971 | D:9      | Found a bloodstained altar of Trog.
  6981 | D:9      | Found a sacrificial altar of Ru.
  7005 | D:9      | Found a shadowy altar of Dithmenos.
  7041 | D:9      | Found a burning altar of Makhleb.
  7046 | D:9      | Reached XP level 11. HP: 86/86 MP: 18/18
  7098 | D:9      | Found a bloodstained altar of Trog.
  7165 | D:9      | You fall through a shaft!
  7165 | D:10     | Entered Level 10 of the Dungeon
  7165 | D:10     | Found a staircase to the Lair.
  7212 | D:10     | Reached skill level 10 in Invocations
  7233 | D:10     | Noticed Psyche
  7241 | D:10     | Killed Psyche
  7252 | D:10     | Reached skill level 11 in Axes
  8009 | D:9      | Reached ****** piety under Makhleb
  8168 | D:9      | Noticed a flayed ghost
  8179 | D:9      | Killed a flayed ghost
  8355 | D:11     | Found Rabuttepp's Book Boutique.
  8389 | D:11     | Noticed Snorg
  8401 | D:11     | HP: 1/89 [Snorg (7)]
  8401 | D:11     | Slain by Snorg

Skill      XL: |  1  2  3  4  5  6  7  8  9 10 11 |
---------------+----------------------------------+-----
Axes           | 2 3 4 5 6 7 9 10 11 | 11.5
Invocations    | 1 3 5 6 8 9 10 | 10.8
Armour         | 3 4 5 6 7 8 |  8.2
Fighting       | 4 5 6 8 9 |  9.0
Shields        | |  2.6

Action                   |  1- 3 |  4- 6 |  7- 9 | 10-12 || total
-------------------------+-------+-------+-------+-------++-------
Melee: War axe           |    74 |   104 |   313 |       ||   491
       Battleaxe         |       |       |    83 |   343 ||   426
Evoke: Wand              |       |     1 |       |     2 ||     3
  Use: Scroll            |       |       |    12 |       ||    12
  Eat: Chunk             |       |     4 |     8 |     4 ||    16
       Ration            |       |       |     2 |     1 ||     3
Armor: Scale mail        |    19 |       |       |       ||    19
       Chain mail        |    26 |    77 |   209 |     2 ||   314
       Plate armour      |       |       |       |   226 ||   226
Dodge: Dodged            |    24 |    24 |   150 |   276 ||   474
Block: Shield            |    33 |    55 |   177 |       ||   265
